 Dungeon Crawl Stone Soup version 0.30-a0-755-g0b50240ab4 (webtiles) character file.

Game seed: 672198401021910380

25 Ijustatesigmund the Conjurer (level 2, 0/15 HPs)
             Began as a Deep Elf Conjurer on Feb 9, 2023.
             Slain by a hobgoblin (4 damage)
             ... on level 2 of the Dungeon.
             The game lasted 00:01:42 (1054 turns).

Ijustatesigmund the Conjurer (Deep Elf Conjurer)    Turns: 1054, Time: 00:01:42

Health: 0/15       AC:  2    Str:  4    XL:     2   Next: 86%
Magic:  8/8        EV: 12    Int: 22    God:
Gold:   60         SH:  0    Dex: 13    Spells: 7/8 levels left

rFire   . . .      SeeInvis .    c - +0 sling
rCold   . . .      Faith    .    (no shield)
rNeg    . . .      Spirit   .    a - +0 robe
rPois   .          Reflect  .    (no helmet)
rElec   .          Harm     .    (no cloak)
rCorr   .          Rampage  .    (no gloves)
Will    .....                    (no boots)
Stlth   ++                       (no amulet)
HPRegen 0.22/turn                (no ring)
MPRegen 0.11/turn                (no ring)

@: lethally poisoned (0 -> -1)
A: no striking features
a: no special abilities


You were on level 2 of the Dungeon.
You visited 1 branch of the dungeon, and saw 2 of its levels.

You collected 60 gold pieces.

Inventory:

Hand Weapons
 c - a +0 sling (weapon)
 d - a +0 rapier
Armour
 a - a +0 robe (worn)
Scrolls
 f - a scroll of identify {unknown}
 i - a scroll of summoning {unknown}
Potions
 b - a potion of magic
 e - a potion of curing {unknown}
 g - a potion of ambrosia {unknown}
 h - a potion of might {unknown}


   Skills:
 + Level 1.9 Ranged Weapons
 - Level 2.4 Dodging
 - Level 2.4 Stealth
 + Level 3.6 Spellcasting
 + Level 4.7 Conjurations


You had 7 spell levels left.
You knew the following spells:

 Your Spells              Type           Power      Damage    Failure   Level
a - Magic Dart            Conj           100%       1d8       1%          1

Your spell library contained the following spells:

 Spells                   Type           Power      Damage    Failure   Level
 Searing Ray              Conj           50%        2d6       2%          2
 Apportation              Tloc           8%         N/A       12%         1
 Necrotise                Necr           16%        1d4       12%         1
 Slow                     Hex            16%        N/A       12%         1
 Summon Small Mammal      Summ           16%        N/A       12%         1
 Dazzling Flash           Conj/Hex       28%        N/A       13%         3
 Fulminant Prism          Conj/Hex       7%         3d6       41%         4
 Iskenderun's Mystic Bla  Conj/Tloc      14%        2d5       41%         4


Dungeon Overview and Level Annotations

Branches:
Dungeon (2/15)

Altars:


Message History

Where to? (? - help)
There is an open door here.
There is a stone staircase leading down here.
You climb downwards.
The kobold shouts!
The adder hisses angrily.
Found a scroll labelled DIAVYA SIDUUJU and 5 stones.
There is a stone staircase leading up here.
There are monsters nearby!
You shoot a sling bullet. The sling bullet hits the hobgoblin.
The hobgoblin shouts!
The hobgoblin is lightly wounded.
You shoot a sling bullet. The sling bullet hits the hobgoblin.
The hobgoblin is almost dead.
You shoot a sling bullet.
The sling bullet closely misses the adder.
The kobold throws a stone.
The stone hits you but does no damage. The adder bites you.
You shoot a sling bullet.
The sling bullet completely misses the adder.
The adder bites you.
You are poisoned.
The adder poisons you!
The kobold throws a stone.
The stone barely misses you. The hobgoblin barely misses you.
You shoot a sling bullet.
The sling bullet completely misses the hobgoblin.
You feel sick. The adder misses you.
A kobold comes into view. It is wielding a +0 dagger.
The hobgoblin hits you but does no damage.
The kobold throws a stone.
The stone hits you. The adder barely misses you.
You shoot a sling bullet.
The sling bullet closely misses the hobgoblin.
The kobold shouts!
You feel sick.
You hear an angry hiss.
A ball python comes into view.
The adder misses you. The hobgoblin hits you.
The adder bites you but does no damage.
You are too injured to fight recklessly!
You feel sick. The hobgoblin hits you.
You die...

##########
#........#
#?.K.@g..#
#....S...#
..K........#
...........S.
.#.........##..
#(......... .
........####.
##..##### ..


You could see an adder, a hobgoblin, a ball python and 2 kobolds.

Vanquished Creatures
  A dart slug (D:1)
  3 endoplasms (D:1)
  3 goblins (D:1)
  3 hobgoblins (D:1)
  2 ball pythons (D:1)
  2 bats (D:1)
  A frilled lizard (D:1)
  4 kobolds (D:1)
  4 rats (D:1)
23 creatures vanquished.

Notes
Turn   | Place    | Note
-------+----------+-------------------------------------------
     0 | D:1      | Ijustatesigmund the Deep Elf Conjurer began the quest for
                  | the Orb.
     0 | D:1      | Reached XP level 1. HP: 10/10 MP: 6/6
   165 | D:1      | Reached skill level 1 in Ranged Weapons
   194 | D:1      | Reached XP level 2. HP: 15/15 MP: 0/8
   332 | D:1      | Found a faded altar of an unknown god.
   336 | D:1      | Got Plato's Papyrus of Glamour
  1054 | D:2      | Slain by a hobgoblin

Illustrated notes

Levels and vault maps discovered:
D:1:      lemuel_arrival_tunnels, layout_loops_corners,
          shapermc_ecumenical_altar_rom_forum, minmay_pentomino_w4
D:2:      layout_rooms

Skill      XL: |  1 |
---------------+----+-----
Ranged Weapons | 1 |  1.9
Dodging        | |  2.4
Stealth        | |  2.4
Spellcasting   | |  3.6
Conjurations   | |  4.7

Action                     || total
---------------------------++-------
   Fire: Sling             ||    64
   Cast: Magic Dart        ||    12
 Armour: Robe              ||    11
  Dodge: Dodged            ||    28

Table legend: (Time is in decaauts)
 A = Elapsed time spent in this place.
 B = Non-inter-level travel time spent in this place.
 C = Inter-level travel time spent in this place.
 D = Time resting spent in this place.
 E = Time spent auto-exploring this place.
 F = Levels seen in this place.
 G = Mean time per level.
                   A        B        C        D        E       F      G
               +--------+--------+--------+--------+--------+-----+--------+
         Total |   1073 |   1029 |     44 |     44 |    838 |   2 |  536.5 |
       Dungeon |   1073 |   1029 |     44 |     44 |    838 |   2 |  536.5 |
               +--------+--------+--------+--------+--------+-----+--------+

Top non-repeatable levels by time:
     D:1: 1065 daAuts
     D:2: 8 daAuts
